 Dungeon Crawl Stone Soup version 0.27-a0-965-gbf8bb431c4 (webtiles) character file.

Game seed: 17217769213120898984

1099 jestyr24 the Skirmisher (level 8, -2/64 HPs)
             Began as a Demonspawn Berserker on Apr 12, 2021.
             Was a Priest of Trog.
             Slain by an ice beast (8 damage)
             ... on level 5 of the Dungeon.
             The game lasted 00:17:41 (5992 turns).

jestyr24 the Skirmisher (Demonspawn Berserker)      Turns: 5992, Time: 00:17:42

Health: -2/64      AC:  3    Str: 19    XL:     8   Next: 10%
Magic:  0/2        EV: 15    Int:  8    God:    Trog [***...]
Gold:   181        SH:  0    Dex: 14    Spells: 7/7 levels left

rFire    . . .     SeeInvis .   a - +3 battleaxe (antimagic)
rCold    . . .     Faith    .   (shield currently unavailable)
rNeg     . . .     Spirit   +   q - +0 animal skin
rPois    .         Reflect  .   (helmet restricted)
rElec    .         Harm     .   (no cloak)
rCorr    .         Rampage  .   (no gloves)
Will     .....                  e - +0 pair of boots
Stlth    +.........             (no amulet)
HPRegen  0.20/turn              (no ring)
MPRegen  0.16/turn              (no ring)

@: on berserk cooldown, slowed, very slow
A: horns 1, repulsion field 1, magic shield, magic regeneration
a: Renounce Religion, Berserk, Trog's Hand


You were on level 5 of the Dungeon.
You worshipped Trog.
Trog was most pleased with you.
You visited 1 branch of the dungeon, and saw 5 of its levels.

You collected 181 gold pieces.

Inventory:

Hand Weapons
 a - a +3 antimagic battleaxe (weapon)
 b - a +2 hunting sling of freezing
 c - a +0 hunting sling
 g - a +0 short sword
 h - a +0 whip
 v - a +0 battleaxe
 x - a +2 short sword of protection
Missiles
 i - 105 stones
 o - 132 sling bullets
 u - 23 poisoned darts (quivered)
Armour
 e - a +0 pair of boots (worn)
 q - a +0 animal skin (worn)
Magical Staves
 r - a staff of conjuration
Scrolls
 j - a scroll of blinking {unknown}
 k - a scroll of noise {unknown}
 l - 3 scrolls of identify {unknown}
 n - a scroll of magic mapping {unknown}
 w - 2 scrolls of enchant weapon {unknown}
 y - a scroll of vulnerability {unknown}
Potions
 d - 3 potions of haste
 f - 4 potions of flight {unknown}
 m - 2 potions of might
 p - a potion of berserk rage {unknown}
 s - 2 potions of heal wounds {unknown}
 t - a potion of lignification {unknown}
 z - a potion of mutation {unknown}


   Skills:
 + Level 6.1 Fighting
 * Level 3.3 Axes
 - Level 4.4 Slings
 + Level 2.0 Armour
 + Level 3.9 Dodging
 - Level 3.1 Unarmed Combat


You had 7 spell levels left.
You didn't know any spells.
Your spell library contained the following spells:

 Spells                   Type           Power      Damage    Failure   Level
 Corona                   Hex            0%         N/A       41%         1
 Shock                    Conj/Air       0%         1d3       41%         1
 Ensorcelled Hibernation  Hex/Ice        0%         N/A       54%         2
 Swiftness                Air            0%         N/A       54%         2
 Confusing Touch          Hex            0%         N/A       78%         3
 Dazzling Flash           Conj/Hex       0%         N/A       78%         3
 Static Discharge         Conj/Air       0%         N/A       78%         3
 Tukima's Dance           Hex            0%         N/A       78%         3
 Airstrike                Air            0%         N/A       99%         4
 Lightning Bolt           Conj/Air       0%         1d11      100%        5


Dungeon Overview and Level Annotations

Branches:
Dungeon (5/15)
 Temple: D:4-7

Altars:
Dithmenos
Fedhas
Makhleb
Vehumet
The Shining One

Shops:
D:1 :   D:3 *


Innate Abilities, Weirdness & Mutations

You have a pair of small horns on your head.
You are surrounded by a mild repulsion field. (EV +2)
When hurt, damage is shared between your health and your magic reserves.
You regenerate magic rapidly.


Message History

The bullfrog zombie hits you.
You slash the bullfrog zombie!
You destroy the bullfrog zombie!
Trog accepts your kill.
Your Axes skill increases to level 3!
You have reached level 8!
You feel agile.
You miss the phantom. The phantom barely misses you.
You miss the phantom. Your headbutt misses the phantom.
The phantom closely misses you.
You slash the phantom!
The phantom is moderately damaged.
The phantom hits you!
The phantom blinks!
You blink.
You slice the phantom!!
The phantom is almost destroyed.
The phantom closely misses you.
An ice beast comes into view.
You closely miss the phantom. Your headbutt misses the phantom.
The phantom is almost destroyed.
You are no longer berserk.
You are exhausted.
You feel yourself slow down. The phantom closely misses you.
You slash the phantom!
You destroy the phantom!
Trog accepts your kill.
You barely miss the ice beast. The ice beast completely misses you.
The ice beast hits you. The ice beast freezes you!
* * * LOW HITPOINT WARNING * * *
The scorpion zombie hits you.
* * * LOW HITPOINT WARNING * * *
The ice beast misses you. The ice beast hits you.
* * * LOW HITPOINT WARNING * * *
The ice beast freezes you!
* * * LOW HITPOINT WARNING * * *
The scorpion zombie barely misses you. The ice beast hits you.
* * * LOW HITPOINT WARNING * * *
The ice beast freezes you!
You die...

#### ##########
... #........#
##.##.######.#
##.##...#.# #.#
.......Y@.# #.#
###..#.Z###
#.####### ...
##Z.# #.......# #
##Z### #######.#
#....# #######.#
##.#.............#
#'##..#########.#
... #.# ##.##
.#### .# ##...#


You could see an ice beast and 2 scorpion zombies.

Vanquished Creatures
  Menkaure (D:5)
  Duvessa (D:5)
  An ice beast (D:5)
  A centaur (D:5)
  A phantom (D:5)
  A kobold brigand (D:4)
  Blork the orc (D:5)
  2 scorpions (D:4)
  Dowan (D:5)
  A howler monkey (D:4)
  A bullfrog zombie (D:5)
  3 hounds
  An orc priest (D:3)
  An iguana (D:5)
  6 adders
  A white imp (D:4)
  An adder zombie (D:5)
  A worm (D:2)
  3 dart slugs
  3 orcs
  8 ball pythons
  7 endoplasms
  3 giant cockroaches
  7 goblins
  10 hobgoblins
  8 jackals
  10 kobolds
  2 quokkas
  2 bats
  3 frilled lizards
  8 rats
100 creatures vanquished.

Vanquished Creatures (others)
  5 plants (D:1)
5 creatures vanquished.

Grand Total: 105 creatures vanquished

Notes
Turn   | Place    | Note
-------+----------+-------------------------------------------
     0 | D:1      | jestyr24 the Demonspawn Berserker began the quest for the
                  | Orb.
     0 | D:1      | Reached XP level 1. HP: 18/18 MP: 1/1
    64 | D:1      | Gained mutation: You are surrounded by a mild repulsion
                  | field. (EV +2) [demonic ancestry]
    64 | D:1      | Reached XP level 2. HP: 20/24 MP: 2/2
   731 | D:1      | Reached ** piety under Trog
   741 | D:1      | Found Vaoreisui's Book Shop.
   989 | D:1      | Gained mutation: You regenerate magic rapidly. [demonic
                  | ancestry]
   989 | D:1      | Reached XP level 3. HP: 27/29 MP: 3/3
  1357 | D:2      | Found a radiant altar of Vehumet.
  1367 | D:2      | Found a faded altar of an unknown god.
  1938 | D:2      | Reached skill level 4 in Fighting
  1984 | D:2      | Gained mutation: You have a pair of small horns on your
                  | head. [demonic ancestry]
  1984 | D:2      | Reached XP level 4. HP: 32/38 MP: 4/4
  2290 | D:3      | Found Otha's Assorted Antiques.
  2795 | D:3      | Reached skill level 1 in Slings
  2875 | D:3      | Found a burning altar of Makhleb.
  2885 | D:3      | Reached XP level 5. HP: 39/43 MP: 5/5
  2927 | D:3      | Reached *** piety under Trog
  3953 | D:4      | Reached XP level 6. HP: 10/50 MP: 6/6
  4408 | D:4      | Reached skill level 5 in Fighting
  4817 | D:4      | Found a blossoming altar of Fedhas.
  4817 | D:4      | Found a shadowy altar of Dithmenos.
  5199 | D:5      | Entered Level 5 of the Dungeon
  5243 | D:5      | Noticed Blork the orc
  5259 | D:5      | Killed Blork the orc
  5260 | D:5      | Gained mutation: When hurt, damage is shared between your
                  | health and your magic reserves. [demonic ancestry]
  5260 | D:5      | Reached XP level 7. HP: 18/56 MP: 1/7
  5651 | D:5      | Noticed Duvessa
  5651 | D:5      | Noticed Dowan
  5659 | D:5      | Killed Duvessa
  5660 | D:5      | Reached skill level 1 in Axes
  5668 | D:5      | Killed Dowan
  5972 | D:5      | Noticed Menkaure
  5978 | D:5      | Killed Menkaure
  5979 | D:5      | Reached skill level 6 in Fighting
  5985 | D:5      | Reached XP level 8. HP: 48/64 MP: 2/8
  5992 | D:5      | Slain by an ice beast

Illustrated notes

Levels and vault maps discovered:
D:1:      dpeg_arrival_water_altar, layout_rooms, serial_shops,
          nicolae_shop_trees, serial_forest, infiniplex_forest_clump_C,
          infiniplex_forest_end_3, infiniplex_forest_clump_medium,
          infiniplex_forest_lined_1, infiniplex_forest_lined_ring,
          infiniplex_forest_clump_small
D:2:      layout_basic, basic_ecumenical_altar, basic_altar
D:3:      layout_basic, bloody_makhleb, serial_shops, shop, minivault_26
D:4:      cheibrodos_barr_body, layout_layer_cave, grunt_temple_overflow_open,
          minmay_fire_ice_demons
D:5:      layout_loops_ring, minmay_fractal_squares_gapless_5, uniq_grinder,
          uniq_menkaure, uniq_sigmund, uniq_blork_the_orc, uniq_duvessa,
          uniq_eustachio

Skill      XL: |  1  2  3  4  5  6  7 |
---------------+----------------------+-----
Unarmed Combat | 3 |  3.1
Dodging        | 2 3 |  3.9
Armour         | 2 |  2.0
Fighting       | 4 5 6 |  6.1
Slings         | 1 3 4 |  4.4
Axes           | 3 |  3.3

Action                   |  1- 3 |  4- 6 |  7- 9 || total
-------------------------+-------+-------+-------++-------
Melee: Unarmed           |   128 |       |       ||   128
       Hunting sling     |     2 |       |       ||     2
       Short sword       |       |    44 |     7 ||    51
       Headbutt          |       |     8 |     6 ||    14
       Battleaxe         |       |       |    30 ||    30
 Fire: Hunting sling     |    14 |   102 |    11 ||   127
Throw: Stone             |    12 |     2 |       ||    14
       Dart              |       |     2 |       ||     2
Invok: Berserk           |     1 |       |     2 ||     3
  Use: Potion            |       |     3 |       ||     3
 Stab: Sleeping          |     1 |       |       ||     1
Armor: Animal skin       |    20 |    13 |     7 ||    40
Dodge: Dodged            |    65 |    50 |    33 ||   148

Table legend: (Time is in decaauts)
 A = Elapsed time spent in this place.
 B = Non-inter-level travel time spent in this place.
 C = Inter-level travel time spent in this place.
 D = Time resting spent in this place.
 E = Time spent auto-exploring this place.
 F = Levels seen in this place.
 G = Mean time per level.
                   A        B        C        D        E       F      G
               +--------+--------+--------+--------+--------+-----+--------+
         Total |   6037 |   5861 |    176 |   1725 |   3167 |   5 | 1207.4 |
       Dungeon |   6037 |   5861 |    176 |   1725 |   3167 |   5 | 1207.4 |
               +--------+--------+--------+--------+--------+-----+--------+

Top non-repeatable levels by time:
     D:4: 1688 daAuts
     D:2: 1309 daAuts
     D:1: 1245 daAuts
     D:3: 976 daAuts
     D:5: 817 daAuts
